 Dungeon Crawl Stone Soup version 0.19-a0-529-g411dd88 (webtiles) character file.

1773 mangrove the Basher (level 8, -4/66 HPs)
             Began as a Minotaur Warper on June 7, 2016.
             Was an Initiate of Gozag.
             Shot with a sling bullet by Joseph (12 damage)
             ... on level 7 of the Dungeon.
             The game lasted 00:16:48 (7732 turns).

mangrove the Basher (Minotaur Warper)               Turns: 7732, Time: 00:16:48

Health: -4/66      AC:  7    Str: 16    XL:     8   Next: 80%
Magic:  9/9        EV:  7    Int: 12    God:    Gozag
Gold:   97         SH:  0    Dex: 10    Spells: 4 memorised, 1 level left

rFire  . . .     SeeInvis .     a - +0 mace
rCold  . . .     Gourm    .     j - +0 ring mail
rNeg   . . .     Faith    .     (no shield)
rPois  .         Spirit   .     (helmet restricted)
rElec  .         Dismiss  .     (no cloak)
rCorr  .         Reflect  .     (no gloves)
SustAt .         Harm     .     p - +0 pair of boots
MR     +....                    (no amulet)
Stlth  ..........               I - ring of protection from magic
                                l - ring of wizardry

@: somewhat resistant to hostile enchantments, extremely unstealthy
A: retaliatory headbutt, horns 2
a: Potion Petition, Call Merchant, Bribe Branch, Renounce Religion


You were on level 7 of the Dungeon.
You worshipped Gozag.
Gozag was noncommittal.
You were not hungry.

You visited 1 branch of the dungeon, and saw 7 of its levels.

You collected 972 gold pieces.
You spent 442 gold pieces at shops.
You paid 433 gold pieces to Gozag.

Inventory:

Hand Weapons
 a - a +0 mace (weapon)
Missiles
 e - 5 tomahawks of dispersal
 t - 7 tomahawks (quivered)
Armour
 j - a +0 ring mail (worn)
 p - a +0 pair of boots (worn)
Rods
 E - a +0 lightning rod (10/10)
   (You found it on level 7 of the Dungeon)
Jewellery
 l - a ring of wizardry (left hand)
 B - an uncursed ring of see invisible
 I - a ring of protection from magic (right hand)
Wands
 h - a wand of random effects (23/48)
 A - a wand of acid (6/15)
 F - a wand of lightning (7/15)
 G - a wand of flame (38/48)
 K - a wand of heal wounds (4/9)
Scrolls
 b - a scroll of enchant weapon {unknown}
 d - a scroll of blinking
 i - 2 scrolls of recharging {unknown}
 n - a scroll of enchant armour {unknown}
 o - 2 scrolls of identify {unknown}
 q - a scroll of immolation {unknown}
 r - a scroll of remove curse {unknown}
 s - a scroll of random uselessness {unknown}
 u - 2 scrolls of teleportation {unknown}
 v - a scroll of amnesia {unknown}
 w - a scroll of noise {unknown}
 x - 2 scrolls of magic mapping
 y - a scroll of fear {unknown}
 H - a scroll of torment {unknown}
Potions
 k - a potion of invisibility {unknown}
 m - 4 potions of curing
 C - 2 potions of flight {unknown}
 D - 3 potions of heal wounds
 J - a potion of resistance {unknown}
Books
 c - a book of Spatial Translocations

   Spells                             Type                      Level
   a - Apportation                    Translocation                1
   b - Blink                          Translocation                2
   c - Shroud of Golubria             Charms/Translocation         2
   d - Portal Projectile              Translocation                3
   e - Teleport Other                 Translocation                3
   f - Passage of Golubria            Translocation                4
Comestibles
 f - a bread ration
 g - 5 meat rations
 z - 10 fruits


   Skills:
 + Level 4.2 Fighting
 * Level 9.3 Maces & Flails
 - Level 1.0 Throwing
 - Level 4.6 Armour
 + Level 4.1 Dodging
 - Level 1.3 Spellcasting
 - Level 1.8 Charms
 * Level 4.6 Translocations


You had one spell level left.
You knew the following spells:

 Your Spells              Type           Power        Failure   Level  Hunger
a - Apportation           Tloc           ##........   4%          1    ##.....
b - Blink                 Tloc           N/A          6%          2    ###....
c - Shroud of Golubria    Chrm/Tloc      #.........   9%          2    ###....
d - Teleport Other        Tloc           ##......     12%         3    ####...


Dungeon Overview and Level Annotations

Branches:
Dungeon (7/15)             Temple (0/1) D:6

Altars:
Ashenzari
Elyvilon
Gozag
Pakellas
Ru
Sif Muna
Uskayaw
Xom
Zin

Shops:
D:4 :}:!   D:5 %   D:6 (

Annotations:
D:7 Joseph


Innate Abilities, Weirdness & Mutations

You reflexively headbutt those who attack you in melee.
You have a pair of horns on your head.


Message History

You start resting.
HP restored.
You climb downwards.
Level annotation: Joseph
There is a stone staircase leading up here.
You see here 2 sling bullets.
Joseph shoots a sling bullet.
The sling bullet hits you!
You see here a sling bullet.
Joseph shoots a sling bullet.
The sling bullet hits you!
You see here a sling bullet.
Joseph shoots a sling bullet.
The sling bullet hits you.
You see here 2 sling bullets.
Joseph zaps a wand.
The bolt of acid hits you!
The acid burns!
* * * LOW HITPOINT WARNING * * *
It is a wand of acid.
There is a stone staircase leading up here.
You see here 2 sling bullets.
Joseph shoots a sling bullet.
The sling bullet hits you!
You die...
Your body crumbles into a pile of gold.

,#.....#...............# #.#
##..........#..........# #.#
.......##..#...........###.#
...##+#...#............+...# ####
.........#.......)[....###.# #...
..#.#(#.#.#######'####.# #.###.##
..####@#.#.#.#....# #.# #......#
...#..#.@.....########.# #####..#
.....#...#...###@((.@..# #..#
###.#....#...#################..#
##..#..#..........(..@.........
####..########################
#......# ##.###.# #.....# #######


You could see Joseph.

Vanquished Creatures
  An ice beast (D:5)
  3 ogres
  A phantom (D:4)
  The ghost of chicagocrazy the Charlatan, an amateur KoAr of Cheibriados (D:3)
  3 giant frogs
  2 scorpions
  5 crimson imps
  2 giant frog zombies
  2 centaur skeletons (D:5)
  2 orc priests
  Ijyb (D:1)
  2 jellies
  An orc wizard (D:3)
  3 giant frog skeletons
  3 worker ants
  Robin (D:2)
  2 gnolls (D:7)
  4 river rats (D:7)
  14 adders
  A shadow imp (D:6)
  An ooze (D:6)
  An adder zombie (D:6)
  An adder skeleton (D:5)
  A worm (D:3)
  4 dart slugs
  7 giant geckos
  17 orcs
  A ball python (D:4)
  5 giant cockroaches
  12 hobgoblins
  12 jackals
  A quokka (D:5)
  A ball python skeleton (D:4)
  5 bats (D:1)
  6 giant newts
  16 goblins
  A jackal skeleton (D:5)
  11 kobolds
  10 rats
  A plant (D:7)
168 creatures vanquished.

Notes
Turn   | Place    | Note
--------------------------------------------------------------
     0 | D:1      | mangrove the Minotaur Warper began the quest for the Orb.
     0 | D:1      | Reached XP level 1. HP: 18/18 MP: 1/1
    80 | D:1      | Reached skill level 3 in Maces & Flails
    89 | D:1      | Reached XP level 2. HP: 9/25 MP: 3/3
   349 | D:1      | Learned a level 2 spell: Blink
   647 | D:1      | Reached XP level 3. HP: 22/30 MP: 4/4
   845 | D:1      | Reached skill level 4 in Maces & Flails
  1121 | D:2      | Noticed Ijyb
  1137 | D:1      | Killed Ijyb
  1137 | D:1      | Reached XP level 4. HP: 22/37 MP: 5/5
  1405 | D:2      | Noticed Robin
  1415 | D:2      | Killed Robin
  1699 | D:2      | Found a sacrificial altar of Ru.
  1707 | D:2      | Became a worshipper of Ru the Awakened
  1719 | D:2      | Learned a level 2 spell: Shroud of Golubria
  1854 | D:2      | Found an opulent altar of Gozag.
  1864 | D:2      | Fell from the grace of Ru
  1864 | D:2      | Became a worshipper of Gozag Ym Sagoz the Greedy
  1913 | D:2      | Reached skill level 5 in Maces & Flails
  1958 | D:3      | Reached XP level 5. HP: 41/42 MP: 6/6
  2412 | D:3      | Found a glowing silver altar of Zin.
  2420 | D:3      | Reached skill level 1 in Charms
  2541 | D:3      | Found a shattered altar of Ashenzari.
  2542 | D:3      | Found a deep blue altar of Sif Muna.
  2543 | D:3      | Found a shimmering altar of Xom.
  2544 | D:3      | Found a white marble altar of Elyvilon.
  2546 | D:3      | Found a hide-covered altar of Uskayaw.
  2643 | D:3      | Noticed chicagocrazy's ghost (amateur KoAr)
  2699 | D:3      | Killed chicagocrazy's ghost
  2699 | D:3      | Reached XP level 6. HP: 46/50 MP: 7/7
  3083 | D:4      | Found Afogeg's Gadget Shop.
  3086 | D:4      | Bought a wand of acid (6/15) for 260 gold pieces
  3129 | D:4      | Found Utzoz's Book Shoppe.
  3161 | D:4      | Reached skill level 6 in Maces & Flails
  3277 | D:4      | Found Nofeb's Book Emporium.
  3440 | D:4      | Found Bifamoh's Distillery.
  3463 | D:4      | Bought 2 potions of heal wounds for 140 gold pieces
  3527 | D:5      | Entered Level 5 of the Dungeon
  3599 | D:5      | Reached XP level 7. HP: 39/56 MP: 8/8
  3670 | D:5      | Reached skill level 7 in Maces & Flails
  3987 | D:5      | Found Weut's Food Shoppe.
  4003 | D:5      | Learned a level 3 spell: Teleport Other
  4296 | D:5      | HP: 2/56 [poisoned by a worker ant]
  4303 | D:5      | HP: 2/56 [poisoned by a worker ant]
  4311 | D:5      | HP: 1/56 [poisoned by a worker ant]
  4666 | D:5      | Reached skill level 8 in Maces & Flails
  4715 | D:4      | Bought a potion of curing for 42 gold pieces
  5020 | D:5      | Reached XP level 8. HP: 63/63 MP: 9/9
  5190 | D:6      | Found Athriyhewk's Weapon Boutique.
  5362 | D:6      | Found a glowing silver altar of Zin.
  5614 | D:6      | Found a staircase to the Ecumenical Temple.
  5956 | D:6      | Reached skill level 9 in Maces & Flails
  6943 | D:7      | Found an oddly glowing altar of Pakellas.
  7254 | D:7      | Noticed Joseph
  7732 | D:7      | Shot with a sling bullet by Joseph

Vault maps used:
D:1:      shiori_arrival_maze
D:2:      kennysheep_the_goblin_king,
          nicolae_gozag_cash_rules_everything_around_me,
          nicolae_ru_sacrificial_ziggurat, uniq_robin
D:3:      minitemple
D:4:      serial_shops, shop, kennysheep_mini, shop, nicolae_shop_waterfront
D:5:      first_bread, serial_shops, nicolae_shop_crystal,
          guppyfry_early_lair_pool
D:6:      minmay_temple_entry_junction2, serial_shops, shop, basic_altar
D:7:      wad_woods_stonehenge, grunt_livestock, hangedman_abyss_or_decor_slice,
          uniq_joseph

Skill      XL: |  1  2  3  4  5  6  7  8 |
---------------+-------------------------+-----
Maces & Flails | 3 4 5 6 8 9 |  9.3
Armour         | 2 3 4 |  4.6
Charms         | 1 |  1.8
Translocations | 3 4 |  4.6
Fighting       | 3 4 |  4.2
Dodging        | 4 |  4.1
Throwing       | |  1.0
Spellcasting   | |  1.3

Action                   |  1- 3 |  4- 6 |  7- 9 || total
-------------------------+-------+-------+-------++-------
Melee: Mace              |   108 |   170 |   291 ||   569
       Headbutt          |     9 |    28 |    49 ||    86
Throw: Tomahawk          |       |       |     2 ||     2
 Cast: Shroud of Golubri |       |     2 |     2 ||     4
Invok: Potion Petition   |       |     1 |     1 ||     2
  Use: Potion            |       |       |     2 ||     2
       Scroll            |       |       |     1 ||     1
 Stab: Distracted        |       |       |     2 ||     2
  Eat: Chunk             |     1 |     2 |       ||     3
       Bread ration      |       |     1 |     3 ||     4
       Pizza             |       |       |     1 ||     1
       Beef jerky        |       |       |     1 ||     1
Armor: Leather armour    |     7 |       |       ||     7
       Ring mail         |    34 |    53 |    69 ||   156
Dodge: Dodged            |    93 |    90 |   136 ||   319
